 Seeded DCSS version 0.31-a0-246-g8cbcc1cb85 (webtiles) character file.

Game seed: 14215367866634240820 (custom seed)

53 innerfire43 the Trooper (level 3, -4/29 HPs)
             Began as a Demonspawn Monk on July 12, 2023.
             Slain by a gnoll
             ... wielding a +0 spear
              (6 damage)
             ... on level 2 of the Dungeon.
             The game lasted 00:01:12 (1347 turns).

innerfire43 the Trooper (Demonspawn Monk)           Turns: 1347, Time: 00:01:13

Health: -4/29      AC:  5    Str: 13    XL:     3   Next: 64%
Magic:  3/3        EV: 13    Int: 11    God:
Gold:   55         SH:  0    Dex: 15    Spells: 2/2 levels left

rFire   . . .        a - +0 hand axe
rCold   . . .        d - orb {light}
rNeg    . . .        b - +0 robe
rPois   .            j - +2 helmet
rElec   .            (no cloak)
rCorr   .            (no gloves)
SInv    .            (no boots)
Will    .....        (no amulet)
Stlth   +            (no ring)
HPRegen 0.24/turn    (no ring)
MPRegen 0.08/turn

%: no passive effects
@: glowing
A: demonic guardian 1
a: no special abilities


You were on level 2 of the Dungeon.
You visited 1 branch of the dungeon, and saw 2 of its levels.

You collected 55 gold pieces.

Inventory:

Hand Weapons
 a - a +0 hand axe (weapon)
Missiles
 h - 5 silver javelins
Armour
 b - a +0 robe (worn)
 d - an orb of light (worn)
 j - a +2 helmet (worn)
Scrolls
 e - a scroll of enchant weapon {unknown}
 f - a scroll of fog {unknown}
 i - a scroll of enchant armour {unknown}
Potions
 c - a potion of ambrosia


   Skills:
 + Level 3.3 Fighting
 + Level 3.1 Axes
 + Level 1.1 Armour
 * Level 3.3 Dodging


You had 2 spell levels left.
You didn't know any spells.
Your spell library was empty.

Dungeon Overview and Level Annotations

Branches:
Dungeon (2/15)

Altars:


Innate Abilities, Weirdness & Mutations

A weak demonic guardian rushes to your aid.


Message History

The gnoll hits your ufetubus with a +0 club!
Your ufetubus dies!
Your ufetubus disappears in a puff of smoke!
You bump into the rock wall.
You feel less invigorated.
You feel less confused.
The gnoll hits you but does no damage. x2; The gnoll hits you with a +0 club.
Unknown command.
You hit the gnoll.
The gnoll is moderately wounded.
You hit the gnoll. The gnoll hits you but does no damage.
The gnoll hits you from afar with a +0 spear.
The gnoll closely misses you.
You hit the gnoll.
The gnoll is heavily wounded.
You hit the gnoll but do no damage. The gnoll hits you with a +0 club. x2
The gnoll hits you from afar with a +0 spear.
* * * LOW HITPOINT WARNING * * *
Unknown command.
You hit the gnoll.
The gnoll is severely wounded.
You hit the gnoll. The gnoll barely misses you.
The gnoll hits you from afar with a +0 spear.
* * * LOW HITPOINT WARNING * * *
The gnoll hits you with a +0 club.
* * * LOW HITPOINT WARNING * * *
It was a potion of curing.
You feel better.
The gnoll hits you but does no damage. x2; The gnoll misses you.
You hit the gnoll but do no damage.
The gnoll is severely wounded.
You barely miss the gnoll. The gnoll closely misses you.
The gnoll hits you with a +0 club.
* * * LOW HITPOINT WARNING * * *
The gnoll closely misses you. x2; The gnoll hits you with a +0 club.
* * * LOW HITPOINT WARNING * * *
The gnoll misses you.
You slash the gnoll!
You kill the gnoll!
You hit the gnoll but do no damage.
The gnoll hits you from afar with a +0 spear.
You die...

########
....... .....
##### ....
#....##g.##
#....##gg.#
###.....#@# #
#.......#.#.##
#..........#
##..........#
##...........#
##......#####.#
# ###.......#
..#
.####....#....#
.#
......#...#####
.#


You could see 3 gnolls.

Vanquished Creatures
  A gnoll (D:2)
  4 ball pythons
  6 endoplasms
  5 goblins
  2 hobgoblins
  6 jackals (D:1)
  2 kobolds (D:1)
  3 quokkas (D:1)
  3 bats
  3 frilled lizards
  3 rats
38 creatures vanquished.

Vanquished Creatures (collateral kills)
  A worm (D:2)
  A dart slug (D:1)
  A giant cockroach (D:1)
  A goblin (D:1)
  A quokka (D:1)
5 creatures vanquished.

Grand Total: 43 creatures vanquished

Notes
Turn   | Place    | Note
-------+----------+-------------------------------------------
     0 | D:1      | innerfire43 the Demonspawn Monk began the quest for the
                  | Orb.
     0 | D:1      | Reached XP level 1. HP: 18/18 MP: 1/1
    52 | D:1      | Gained mutation: A weak demonic guardian rushes to your
                  | aid. [demonic ancestry]
    52 | D:1      | Reached XP level 2. HP: 7/24 MP: 2/2
   514 | D:1      | Reached XP level 3. HP: 21/29 MP: 3/3
   644 | D:1      | Reached skill level 1 in Armour
  1344 | D:2      | HP: 1/29 [gnoll/+0 club (3)]
  1347 | D:2      | Slain by a gnoll

Illustrated notes

Levels and vault maps discovered:
D:1:      dpeg_arrival_castle, layout_basic, serial_forest,
          infiniplex_forest_straight_2, infiniplex_forest_straight_3,
          infiniplex_forest_clump_double, infiniplex_forest_lined_1,
          infiniplex_forest_clump_small, infiniplex_forest_straight_2,
          infiniplex_forest_lined_3_way
D:2:      layout_rooms

Skill      XL: |  1  2  3 |
---------------+----------+-----
Dodging        | 3 |  3.3
Axes           | 3 |  3.1
Armour         | 1 |  1.1
Fighting       | |  3.3

Action                     || total
---------------------------++-------
  Melee: Hand axe          ||   118
    Use: Potion            ||     2
 Armour: Robe              ||    23
  Dodge: Dodged            ||   102

Table legend: (Time is in decaauts)
 A = Elapsed time spent in this place.
 B = Non-inter-level travel time spent in this place.
 C = Inter-level travel time spent in this place.
 D = Time resting spent in this place.
 E = Time spent auto-exploring this place.
 F = Levels seen in this place.
 G = Mean time per level.
                   A        B        C        D        E       F      G
               +--------+--------+--------+--------+--------+-----+--------+
         Total |   1371 |   1339 |     32 |      0 |   1092 |   2 |  685.5 |
       Dungeon |   1371 |   1339 |     32 |      0 |   1092 |   2 |  685.5 |
               +--------+--------+--------+--------+--------+-----+--------+

Top non-repeatable levels by time:
     D:1: 1071 daAuts
     D:2: 299 daAuts
